 Dungeon Crawl Stone Soup version 0.28.0 (webtiles) character file.

Game seed: 11606117464943419629

2096 RascalDebosk the Grave Robber (level 9, -4/70 HPs)
             Began as a Ghoul Necromancer on Feb 13, 2022.
             Slain by an orc warrior (17 damage)
             ... on level 7 of the Dungeon.
             The game lasted 01:34:49 (10064 turns).

RascalDebosk the Grave Robber (Ghoul Necromancer)  Turns: 10064, Time: 01:34:49

Health: -4/70      AC:  2    Str: 12    XL:     9   Next: 27%
Magic:  14/14      EV: 13    Int: 14    God:
Gold:   175        SH:  5    Dex: 16    Spells: 6/16 levels left

rFire   . . .      SeeInvis .   t - +11 dagger of the Fulmar {vorpal, rElec rPois Will- Dex+7}
rCold   + . .      Faith    .   (no shield)
rNeg    + + +      Spirit   .   a - +0 robe
rPois   ∞          Reflect  +   (no helmet)
rElec   +          Harm     .   (no cloak)
rCorr   .          Rampage  .   (no gloves)
Will    .....                   (no boots)
Stlth   +++.......              v - amulet of reflection
HPRegen 0.00/turn               (no ring)
MPRegen 0.14/turn               (no ring)

@: inhibited regen
A: claws 1, cold resistance 1, negative energy resistance 3, inhibited
regeneration, torment resistance 2
a: no special abilities


You were on level 7 of the Dungeon.
You visited 1 branch of the dungeon, and saw 7 of its levels.

You collected 328 gold pieces.
You spent 153 gold pieces at shops.

Inventory:

Hand Weapons
 f - a +1 dagger
 n - the +5 short sword of Uskayaw's Pride {vorpal, +Blink rN+ MP+9 Int+4}
   (You took it off a kobold on level 3 of the Dungeon)

   It inflicts extra damage upon your enemies.
   Int:       It affects your intelligence (+4).
   rN:        It protects you from negative energy.
   MP:        It affects your magic capacity (+9).
   +Blink:    It lets you blink.
 t - the +11 dagger of the Fulmar (weapon) {vorpal, rElec rPois Will- Dex+7}
   (You found it on level 4 of the Dungeon)

   It inflicts extra damage upon your enemies.
   Dex:       It affects your dexterity (+7).
   rElec:     It insulates you from electricity.
   rPois:     It protects you from poison.
   Will:      It decreases your willpower.
 x - a +3 dagger of protection
Armour
 a - a +0 robe (worn)
Magical Staves
 o - a staff of death
Jewellery
 u - an amulet of the acrobat
 v - an amulet of reflection (around neck)
Wands
 b - a wand of flame (21)
 q - a wand of digging (9)
 A - a wand of acid (8)
Scrolls
 d - 3 scrolls of amnesia
 g - a scroll of immolation
 j - 2 scrolls of brand weapon {unknown}
 m - a scroll of fog
 p - 2 scrolls of enchant weapon
 s - a scroll of fear
 w - a scroll of noise {unknown}
 y - a scroll of teleportation
Potions
 c - a potion of degeneration
 e - 3 potions of ambrosia
 h - a potion of berserk rage {unknown}
 i - 2 potions of curing
 k - 2 potions of resistance {unknown}
 l - 3 potions of lignification
 r - 2 potions of flight
 z - a potion of heal wounds
 B - a potion of cancellation {unknown}
 C - a potion of haste {unknown}


   Skills:
 + Level 3.5 Fighting
 + Level 2.0 Short Blades
 - Level 1.2 Staves
 + Level 2.5 Armour
 + Level 3.4 Dodging
 * Level 5.8 Stealth
 * Level 4.2 Spellcasting
 * Level 2.9 Hexes
 * Level 6.0 Necromancy
 * Level 3.5 Ice Magic
 - Level 2.6 Evocations


You had 6 spell levels left.
You knew the following spells:

 Your Spells              Type           Power      Damage    Failure   Level
a - Pain                  Necr           76%        1d7       1%          1
b - Animate Dead          Necr           9%         N/A       16%         4
c - Vampiric Draining     Necr           19%        2d7       4%          3
d - Ensorcelled Hibernat  Hex/Ice        22%        N/A       8%          2

Your spell library contained the following spells:

 Spells                   Type           Power      Damage    Failure   Level
 Animate Skeleton         Necr           38%        N/A       1%          1
 Confusing Touch          Hex            11%        N/A       17%         3
 Sandblast                Erth           4%         2d4       19%         1
 Passwall                 Tmut/Erth      1%         N/A       28%         2
 Agony                    Necr           19%        N/A       41%         5
 Stone Arrow              Conj/Erth      4%         3d7       50%         3
 Swiftness                Air            2%         N/A       50%         3
 Yara's Violent Unravell  Hex/Tmut       3%         3d4       96%         5
 Enfeeble                 Hex            5%         N/A       100%        7


Dungeon Overview and Level Annotations

Branches:
Dungeon (7/15)
 Temple: D:4-7

Altars:
Fedhas
Hepliaklqana
Ru
Sif Muna
Uskayaw
Wu Jian
The Shining One

Shops:
D:4 *


Innate Abilities, Weirdness & Mutations

You thrive by killing the living.
You are immune to poison.
You have sharp fingernails.
Your flesh is cold resistant. (rC+)
You are immune to negative energy. (rN+++)
You do not regenerate when monsters are visible.
You are immune to unholy pain and torment.


Message History

Done exploring.
There is a stone staircase leading down here.
You climb downwards.
Found a weird smoking staff.
Found a stone staircase leading up and a stone staircase leading down.
There is a stone staircase leading up here.
There is a stone staircase leading up here.
The orc priest closely misses you.
You climb upwards.
There is a stone staircase leading down here.
Casting: Ensorcelled Hibernation (safe; 8% risk of failure)
Confirm with . or Enter, or press ? or * to list all spells.
Aiming: Ensorcelled Hibernation (safe; 8% risk of failure)
Press: ? - help, Shift-Dir - straight line, f - orc priest
Aim: an orc priest, wielding a +0 mace (chance to affect: 45%)
The orc priest looks drowsy...
The helpless orc priest fails to defend itself.
You spit the orc priest like a pig!!!
You kill the orc priest!
You start resting.
Magic restored.
You climb downwards.
There is a stone staircase leading up here.
The orc wizard shouts!
The orc warrior shouts!
The orc wizard casts a spell.
The orc wizard flickers and vanishes!
Deactivating autopickup; reactivate with Ctrl-A.
There is a stone staircase leading up here.
You are confused.
In your confused state, you trip and fall back down the stairs.
You closely miss the orc warrior.
The orc warrior hits you with a +1 long sword of holy wrath!
You convulse.
Something hits you.
The orc warrior hits you with a +1 long sword of holy wrath!
You convulse!!
* * * LOW HITPOINT WARNING * * *
You're too confused to move!
You feel less confused.
The orc warrior hits you with a +1 long sword of holy wrath!
You die...

.... ####
####...##....
....##............
...............>..
.......|..........
................#
................#
#......{......#
+......o@..#.
#......<...#
............##
....##....<## ####
#######


You could see an orc warrior.

Vanquished Creatures
  Sigmund (D:6)
  A wyvern (D:5)
  A water moccasin (D:6)
  Duvessa (D:6)
  A sky beast (D:6)
  A black bear (D:6)
  A necrophage (D:4)
  2 ice beasts
  An ogre (D:5)
  A centaur (D:6)
  A scorpion (D:6)
  Dowan (D:6)
  An orc priest (D:6)
  2 bullfrog skeletons (D:4)
  8 hounds
  A centaur skeleton (D:4)
  4 iguanas
  2 orc wizards
  A killer bee zombie (D:6)
  A hound skeleton (D:4)
  13 adders
  13 river rats (D:5)
  A shadow imp (D:5)
  2 worms
  11 orcs
  4 ball pythons
  4 bats
  5 endoplasms
  A giant cockroach (D:1)
  6 goblins
  5 hobgoblins
  6 jackals (D:1)
  7 kobolds
  9 quokkas
  3 frilled lizards
  15 rats
138 creatures vanquished.

Vanquished Creatures (collateral kills)
  A quokka (D:5)
  2 rats (D:5)
3 creatures vanquished.

Grand Total: 141 creatures vanquished

Notes
Turn   | Place    | Note
-------+----------+-------------------------------------------
     0 | D:1      | RascalDebosk the Ghoul Necromancer began the quest for the
                  | Orb.
     0 | D:1      | Reached XP level 1. HP: 14/14 MP: 2/2
    10 | D:1      | Learned a level 1 spell: Animate Skeleton
   170 | D:1      | Reached XP level 2. HP: 22/22 MP: 0/3
   664 | D:1      | Reached XP level 3. HP: 25/27 MP: 0/5
  1591 | D:2      | Reached skill level 1 in Fighting
  1695 | D:2      | Found a faded altar of an unknown god.
  1988 | D:2      | Reached XP level 4. HP: 9/35 MP: 1/6
  3186 | D:3      | Identified the +5 short sword of Uskayaw's Pride {vorpal,
                  | +Blink rN+ MP+9 Int+4}
  3313 | D:3      | Reached skill level 1 in Armour
  3440 | D:3      | Reached XP level 5. HP: 9/40 MP: 7/7
  3445 | D:3      | Learned a level 3 spell: Vampiric Draining
  3730 | D:3      | Identified the +0 leather armour "Tumakh" {rElec rN++ Dex-3
                  | Slay-6}
  4272 | D:3      | Found a hide-covered altar of Uskayaw.
  4419 | D:4      | Found Dotah's Assorted Antiques.
  4434 | D:4      | Bought 2 fuming golden potions for 57 gold pieces
  4434 | D:4      | Bought 2 scrolls labelled ESUF EQ MOXO for 64 gold pieces
  4829 | D:4      | Reached XP level 6. HP: 33/48 MP: 7/9
  5138 | D:4      | Bought a scroll labelled BIPNOA IRAE for 32 gold pieces
  5227 | D:4      | Reached skill level 1 in Evocations
  5431 | D:4      | Identified the +11 dagger of the Fulmar {vorpal, rElec
                  | rPois Will- Dex+7}
  5644 | D:5      | Entered Level 5 of the Dungeon
  5690 | D:4      | Learned a level 4 spell: Animate Dead
  5790 | D:5      | Noticed a necrophage
  6055 | D:4      | Killed a necrophage
  6056 | D:4      | Reached skill level 5 in Necromancy
  6056 | D:4      | Reached XP level 7. HP: 34/55 MP: 10/10
  6198 | D:5      | Reached skill level 1 in Staves
  6232 | D:5      | Learned a level 2 spell: Ensorcelled Hibernation
  6328 | D:5      | Reached skill level 1 in Hexes
  6597 | D:5      | Found a blossoming altar of Fedhas.
  6712 | D:5      | Reached skill level 1 in Short Blades
  6723 | D:5      | Reached skill level 1 in Ice Magic
  6723 | D:5      | Noticed a wyvern
  6849 | D:5      | Reached XP level 8. HP: 49/62 MP: 12/12
  7452 | D:5      | Killed a wyvern
  7785 | D:6      | Noticed Sigmund
  7797 | D:6      | Killed Sigmund
  7798 | D:6      | Reached skill level 5 in Stealth
  8120 | D:6      | Noticed Duvessa
  8120 | D:6      | Noticed Dowan
  8125 | D:6      | Killed Dowan
  8132 | D:6      | Killed Duvessa
  8378 | D:6      | Reached XP level 9. HP: 70/70 MP: 10/14
  8717 | D:6      | Found an ornate altar of the Wu Jian Council.
  8718 | D:6      | Found a shimmering blue altar of Sif Muna.
  8720 | D:6      | Found a sacrificial altar of Ru.
  8827 | D:6      | Found a hazy altar of Hepliaklqana.
  9843 | D:6      | Reached skill level 6 in Necromancy
 10064 | D:7      | Slain by an orc warrior

Illustrated notes

Levels and vault maps discovered:
D:1:      roderic_octagonal_star, layout_basic
D:2:      layout_rooms, chequers_ecumenical_altar_grove,
          hangedman_abyss_or_decor_lesser_grid, hangedman_decor_slide_cut
D:3:      layout_basic, nicolae_uskayaw_suspiria,
          minmay_randomly_rotated_circles
D:4:      layout_basic, serial_shops, kennysheep_mini_moat
D:5:      lemuel_ratsnest, layout_loops_ring, mainiacjoe_overflow_cross_hatched
D:6:      black_bear_nest_1, layout_basic, mainiacjoe_overflow_alcove_3,
          nicolae_hepliaklqana_hippocampus, minivault_23, uniq_duvessa,
          uniq_sigmund
D:7:      layout_rooms, mainiacjoe_overflow_chevrons,
          mainiacjoe_overflow_divided_tiny, general_overflow_altar,
          minmay_temple_entry_antechambers, serial_shops,
          nicolae_shop_behind_doors

Skill      XL: |  1  2  3  4  5  6  7  8  9 |
---------------+----------------------------+-----
Spellcasting   | 2 3 4 |  4.2
Dodging        | 2 3 |  3.4
Fighting       | 1 2 3 |  3.5
Stealth        | 3 4 5 |  5.8
Armour         | 1 2 |  2.5
Evocations     | 1 2 |  2.6
Necromancy     | 5 6 |  6.0
Staves         | 1 |  1.2
Hexes          | 1 2 |  2.9
Short Blades   | 1 2 |  2.0
Ice Magic      | 1 3 |  3.5

Action                   |  1- 3 |  4- 6 |  7- 9 || total
-------------------------+-------+-------+-------++-------
Melee: Unarmed           |    50 |       |       ||    50
       Dagger            |    34 |    69 |   150 ||   253
       Staff             |       |    52 |     6 ||    58
       Punch             |       |     4 |     5 ||     9
 Cast: Pain              |    46 |    90 |    38 ||   174
       Animate Skeleton  |     2 |     1 |       ||     3
       Vampiric Draining |       |     1 |       ||     1
       Ensorcelled Hiber |       |       |    26 ||    26
       Animate Dead      |       |       |     3 ||     3
  Use: Scroll            |       |    15 |     1 ||    16
       Potion            |       |     1 |     1 ||     2
 Stab: Sleeping          |       |     3 |    14 ||    17
Armor: Robe              |    20 |    21 |    17 ||    58
Dodge: Dodged            |    68 |   118 |   115 ||   301
Block: Other             |       |       |    11 ||    11
